 Dungeon Crawl Stone Soup version 0.32-a0-136-gc02482bde3 (webtiles) character file.

Game seed: 13015108769718612133

151358 Rexfelis the Slayer (level 17, 0/173 HPs)
             Began as a Minotaur Berserker on Feb 10, 2024.
             Was a High Priest of Trog.
             Engulfed by a cloud of thunder (21 damage)
             ... on level 3 of the Snake Pit on Feb 11, 2024.
             The game lasted 01:41:19 (28633 turns).

Rexfelis the Slayer (Minotaur Berserker)           Turns: 28633, Time: 01:41:19

Health: 0/173      AC: 20    Str: 28    XL:     17   Next: 0%
Magic:  16/16      EV: 10    Int:  6    God:    Trog [*****.]
Gold:   1236       SH: 27    Dex: 10    Spells: 16/16 levels left

rFire   + . .        S - +1 broad axe (heavy)
rCold   + + +        o - +7 tower shield of Inaction {rC+ Slay+2}
rNeg    . . .        l - +3 chain mail {rC+}
rPois   .            V - +2 hood of the Assassin {Detect Stab+ Stlth++}
rElec   .            m - scarf {rC+ rF+}
rCorr   +            F - +2 pair of gloves
SInv    .            T - +0 pair of boots
Will    ++...        G - amulet of regeneration Stlth
                     h - ring of willpower
HPRegen 1.28/turn    P - ring of resist corrosion
MPRegen 0.15/turn

%: no passive effects
@: very slow
A: horns 2, retaliatory headbutt
a: Renounce Religion, Berserk, Trog's Hand, Brothers in Arms


You were on level 3 of the Snake Pit.
You worshipped Trog.
Trog was extremely pleased with you.
You visited 6 branches of the dungeon, and saw 27 of its levels.

You collected 2563 gold pieces.
You spent 1327 gold pieces at shops.

Inventory:

Hand Weapons
 r - a +4 hand axe of flaming
 v - a +3 antimagic broad axe
 O - a +3 broad axe
 S - a +1 heavy broad axe (weapon)
 X - a +3 trident of draining
Missiles
 z - 3 silver javelins (quivered)
 I - 2 javelins
 U - 4 throwing nets
 Z - 3 curare-tipped darts
Armour
 l - a +3 chain mail of cold resistance (worn)
 m - a scarf of resistance (worn)
 o - the +7 tower shield of Inaction (worn) {rC+ Slay+2}
   (You took it off Louise on level 3 of the Shoals)

   Slay+2:    It affects your accuracy & damage with ranged weapons and melee
   (+2).
   rC+:       It protects you from cold.
 F - a +2 pair of gloves (worn)
 T - a +0 pair of boots (worn)
 V - the +2 hood of the Assassin (worn) {Detect Stab+ Stlth++}
   (You acquired it on level 5 of the Lair of Beasts)

   Detect:    It allows the wearer to sense nearby creatures.
   Stab+:     It allows the wearer to make particularly effective stabbing
   attacks against helpless or unaware enemies with any weapon.
   Stlth++:   It makes you much more stealthy.
Jewellery
 h - a ring of willpower (left hand)
 G - an amulet of regeneration (around neck)
 P - a ring of resist corrosion (right hand)
 Q - an amulet of reflection
 W - a ring of ice
Talismans
 L - the serpent talisman of Mutualism {+Blink rCorr MP+9}
   (You took it off Aizul on level 2 of the Snake Pit)

   [serpent talisman]

   MP+9:      It affects your magic capacity (+9).
   +Blink:    It lets you blink.
   rCorr:     It protects you from acid and corrosion.
Wands
 c - a wand of iceblast (15)
 t - a wand of charming (15)
 B - a wand of polymorph (3)
 E - a wand of mindburst (2)
 H - a wand of digging (9)
 J - a wand of flame (22)
 N - a wand of acid (1)
Scrolls
 a - 3 scrolls of poison
 b - 3 scrolls of noise
 g - 5 scrolls of blinking
 i - 4 scrolls of teleportation
 j - 6 scrolls of fear
 s - 8 scrolls of identify
 y - a scroll of enchant armour
 A - 7 scrolls of immolation
 C - 3 scrolls of fog
 D - a scroll of revelation
 M - 4 scrolls of butterflies
Potions
 d - 7 potions of mutation
 e - 4 potions of resistance
 f - 2 potions of might
 k - 3 potions of invisibility
 n - 3 potions of berserk rage
 u - 11 potions of curing
 w - 5 potions of enlightenment
 x - 2 potions of lignification
 K - 5 potions of attraction
 R - a potion of ambrosia
 Y - 3 potions of haste
Miscellaneous
 p - a condenser vane (inert)


   Skills:
 - Level 21.0 Fighting
 - Level 18.0(18.3) Axes
 + Level 6.1(13.2) Polearms
 - Level 5.0 Throwing
 - Level 7.5 Armour
 - Level 7.0 Dodging
 + Level 19.9 Shields
 - Level 6.0 Evocations


You had 16 spell levels left.
You didn't know any spells.
Your spell library contained the following spells:

 Spells                   Type           Power      Damage    Failure   Level
 Magic Dart               Conj           0%         1d3       97%         1
 Sandblast                Erth           0%         2d4       97%         1
 Call Imp                 Summ           0%         N/A       99%         2
 Searing Ray              Conj           0%         2d4       99%         2
 Sublimation of Blood     Necr           0%         N/A       99%         2
 Inner Flame              Hex/Fire       0%         N/A       100%        3
 Passwall                 Erth           0%         N/A       100%        3
 Stone Arrow              Conj/Erth      0%         3d7       100%        3
 Brom's Barrelling Bould  Conj/Erth      0%         2d3       100%        4
 Flame Wave               Conj/Fire      0%         2d4       100%        4
 Fulminant Prism          Conj/Alch      0%         3d5       100%        4
 Leda's Liquefaction      Alch/Erth      0%         N/A       100%        4
 Sticky Flame             Fire/Alch      0%         2d4       100%        4
 Vhi's Electric Charge    Tloc/Air       0%         N/A       100%        4
 Arcjolt                  Conj/Air       0%         1d10      100%        5
 Fireball                 Conj/Fire      0%         3d3       100%        5
 Iskenderun's Battlesphe  Conj           0%         2d6       100%        5
 Lee's Rapid Deconstruct  Erth           0%         3d4*      100%        5
 Bombard                  Conj/Erth      0%         9d1       100%        6
 Conjure Ball Lightning   Conj/Air       0%         3x3d6     100%        6
 Plasma Beam              Fire/Air       0%         2x1d10    100%        6
 Orb of Destruction       Conj           0%         9d5       100%        7
 Summon Hydra             Summ           0%         N/A       100%        7


Dungeon Overview and Level Annotations

Branches:
Dungeon (13/15)            Temple (1/1) D:6            Lair (5/5) D:11
 Shoals (3/4) Lair:3        Snake (3/4) Lair:2        Slime (0/5) Lair:4
    Orc (2/2) D:10            Elf (0/3) Orc:2        Vaults (0/5) D:13

Altars:
Ashenzari
Cheibriados
Dithmenos
Elyvilon
Fedhas
Gozag
Hepliaklqana
Kikubaaqudgha
Makhleb
Nemelex Xobeh
Okawaru
Qazlal
Ru
Sif Muna
Trog
Uskayaw
Vehumet
Wu Jian
Xom
Yredelemnul
Zin
The Shining One
Jiyva

Shops:
Orc:1 (   Orc:2 *(*?:   Snake:2 [:*(**[!

Portals:
Abyss: D:7

Annotations:
D:4 1 runed translucent door, Crazy Yiuf
D:7 2 transporters, Bravepunisher's ghost, novice SpMo
Shoals:2 Roxanne
Snake:1 3 runed translucent doors, Asceticacid's ghost, adept GnFi


Innate Abilities, Weirdness & Mutations

You have a pair of horns on your head.
You reflexively headbutt those who attack you in melee.


Message History

Bai Suzhen bites you but does no damage.
Bai Suzhen closely misses you. You block Bai Suzhen's attack.
You feel much better.
You are engulfed in a thunderstorm.
* * * LOW HITPOINT WARNING * * *
Bai Suzhen is no longer covered in acid.
You block Bai Suzhen's attack. x2
Bai Suzhen tramples you but does no damage.
Your unstable footing causes you to fumble your attack.
Bai Suzhen bites you.
* * * LOW HITPOINT WARNING * * *
You block Bai Suzhen's attack. x2
Your unstable footing causes you to fumble your attack.
Bai Suzhen closely misses you. You block Bai Suzhen's attack.
Bai Suzhen tramples you but does no damage.
You slash Bai Suzhen!
Bai Suzhen is almost dead.
You are engulfed in a thunderstorm.
* * * LOW HITPOINT WARNING * * *
You block Bai Suzhen's attack. x2; Bai Suzhen barely misses you.
You feel much better. Bai Suzhen breathes water at you.
You block the torrent of water.
The wave splashes down.
You hear an angry hiss.
You hear a shout! x2
A shock serpent comes into view.
Bai Suzhen inspects her gathered herbal reagents.
Your black mamba is engulfed in a thunderstorm.
Your black mamba bites Bai Suzhen but does no damage.
You block Bai Suzhen's attack. x3
Your black mamba is engulfed in a thunderstorm.
Your black mamba dies!
Aiming: Corrosive Bolt
Press: ? - help, Shift-Dir - straight line, f/p - Bai Suzhen
Aim: Bai Suzhen (almost dead, surrounded by thunder, catching her breath, 94% to hit)
The bolt of acid hits Bai Suzhen!
The acid corrodes Bai Suzhen!
You kill Bai Suzhen!
Trog accepts your kill.
You hear a splash. x2
The storm dragon scales {Bai Suzhen} are intact enough to wear.
You are engulfed in a thunderstorm.
You die...

##..##............##.#.
........###.....#....##
..........#......#..#.#
.$.##............)...##
###..)§§.............
##....#§§§§...........
..#.....##~.§§..........
##...)..###§D§..........
#......@§##§§§......###.
.......#[#.........#.. #
.......##§§.............
.#..... ##......... ...
##.... .......... #...
.S#... ..........##....
#..#... ..#..##..##..[..
#. ##.#....####.........
#.####......#.....


You could see a shock serpent.

Vanquished Creatures
  Bai Suzhen (Snake:3)
  Vashnia (Snake:2)
  Jorgrun (Snake:2)
  Rupert (Lair:3)
  Mlioglotl (Snake:1)
  Polyphemus (Shoals:3)
  Aizul (Snake:2)
  Kirke (D:12)
  A frost giant (D:13)
  A nagaraja (Snake:3)
  Louise (Shoals:3)
  Josephine (Lair:4)
  A merfolk impaler (Shoals:3)
  Erolcha (D:11)
  4 hydras
  2 catoblepae
  Erica (D:8)
  3 satyrs
  9 anacondas
  4 two-headed ogres
  A merfolk aquamancer (Shoals:1)
  2 centaur warriors
  8 naga warriors
  A deep troll shaman (Lair:5)
  2 boulder beetles (D:13)
  16 death yaks
  2 orc high priests (Orc:2)
  Sonja (Lair:5)
  7 shock serpents
  5 naga sharpshooters
  A soul eater (D:11)
  A sixfirhy (D:11)
  A salamander mystic (Snake:1)
  Amaemon (Lair:1)
  4 sea snakes
  3 skysharks
  10 mana vipers
  5 naga ritualists
  A lindwurm (Lair:5)
  An ugly thing (D:11)
  4 orc knights (Orc:2)
  Maurice (D:9)
  2 orc sorcerers (Orc:2)
  6 salamanders
  3 cyclopes
  10 elephants
  7 manticores
  22 fauns
  2 kobold blastminers (Orc:2)
  19 black mambas
  3 water nymphs
  3 merfolk sirens
  A rust devil (D:11)
  6 naga magi
  A smoke demon (D:11)
  An orange demon (Lair:1)
  10 cane toads
  A torpor snail (Lair:4)
  3 gargoyles
  An unseen horror (D:11)
  10 komodo dragons
  3 rime drakes
  Jeremiah (D:9)
  A wind drake (Shoals:2)
  3 trolls
  12 merfolk
  3 hornets
  5 polar bears
  21 blink frogs
  Grinder (D:4)
  4 snapping turtles
  16 dream sheep
  A shadow (D:11)
  8 wraiths
  2 vampires
  2 water elementals
  A spriggan (Lair:4)
  4 wyverns
  51 yaks
  Eustachio (D:6)
  A hog (D:12)
  5 basilisks
  Grum (D:8)
  3 wargs
  10 vampire mosquitoes
  10 steam dragons
  Menkaure (D:4)
  2 acid dragons
  A chaos spawn (D:11)
  15 water moccasins
  16 nagas
  Duvessa (D:7)
  A sky beast (D:8)
  5 ogres
  6 ice beasts
  17 orc warriors
  3 black bears
  43 wolves
  17 centaurs
  A kobold brigand (D:6)
  5 bullfrogs
  A gnoll sergeant (D:5)
  2 scorpions (D:5)
  A wight (D:5)
  Dowan (D:7)
  3 killer bees (D:10)
  3 electric eels
  6 howler monkeys
  A bombardier beetle (D:6)
  15 jellies
  5 quasits (D:11)
  2 gnoll boudas
  24 orc priests
  6 hounds
  A sleepcap (D:7)
  6 iguanas
  23 orc wizards
  2 hell rats (Lair:4)
  Terence (D:2)
  Robin (D:4)
  15 gnolls
  7 adders
  10 river rats
  4 ufetubi
  3 dart slugs
  A ribbon worm (D:4)
  91 orcs
  10 ball pythons
  2 bats (D:1)
  3 endoplasms
  A giant cockroach (D:4)
  12 goblins
  7 hobgoblins
  11 jackals
  4 quokkas
  3 frilled lizards (D:1)
  6 kobolds
  7 rats
831 creatures vanquished.

Vanquished Creatures (collateral kills)
  An orc high priest (Orc:2)
  2 orc knights (Orc:2)
  An orc sorcerer (Orc:2)
  A manticore (Shoals:1)
  A wind drake (Shoals:1)
  2 water elementals (Shoals:1)
  An orc warrior (Orc:2)
9 creatures vanquished.

Vanquished Creatures (others)
  A salamander (Snake:1)
  A manticore (Shoals:3)
  A black mamba (Snake:3)
  A steam dragon (Lair:3)
  A human (D:12)
  A chaos spawn (D:11)
  A centaur (D:12)
7 creatures vanquished.

Grand Total: 847 creatures vanquished

Notes
Turn   | Place    | Note
-------+----------+-------------------------------------------
     0 | D:1      | Rexfelis the Minotaur Berserker began the quest for the
                  | Orb.
     0 | D:1      | Reached XP level 1. HP: 19/19 MP: 0/0
   248 | D:1      | Reached XP level 2. HP: 24/27 MP: 1/1
   451 | D:1      | Reached skill level 4 in Fighting
  1106 | D:2      | Reached XP level 3. HP: 30/33 MP: 2/2
  1286 | D:2      | Noticed Terence
  1291 | D:2      | Killed Terence
  1292 | D:2      | Reached skill level 5 in Axes
  1400 | D:2      | Reached XP level 4. HP: 25/41 MP: 3/3
  1810 | D:3      | Reached ** piety under Trog
  1900 | D:3      | Found a stormy altar of Qazlal.
  2146 | D:3      | Found an ancient bone altar of Kikubaaqudgha.
  2210 | D:3      | Found a faded altar of an unknown god.
  2402 | D:4      | Noticed Grinder
  2410 | D:4      | Reached skill level 5 in Fighting
  2410 | D:4      | Reached XP level 5. HP: 44/48 MP: 4/4
  2412 | D:4      | Noticed an ogre
  2417 | D:4      | Paralysed by Grinder for 2 turns
  2624 | D:4      | Noticed Menkaure
  2663 | D:4      | Killed Menkaure
  2664 | D:4      | Reached XP level 6. HP: 54/56 MP: 5/5
  2757 | D:4      | Noticed Robin
  2761 | D:4      | Killed Robin
  3150 | D:4      | Reached skill level 6 in Fighting
  3152 | D:4      | Paralysed by Grinder for 5 turns
  3163 | D:4      | Killed Grinder
  3164 | D:4      | Reached XP level 7. HP: 39/64 MP: 6/6
  3267 | D:4      | Found a bloodstained altar of Trog.
  3349 | D:4      | Found a runed translucent door.
  3350 | D:4      | Noticed Crazy Yiuf
  3525 | D:5      | Entered Level 5 of the Dungeon
  3533 | D:5      | Reached skill level 7 in Fighting
  3651 | D:5      | Reached *** piety under Trog
  3665 | D:5      | Reached XP level 8. HP: 46/73 MP: 7/7
  3812 | D:5      | Reached skill level 10 in Axes
  4144 | D:5      | Reached skill level 8 in Fighting
  4434 | D:5      | Reached skill level 1 in Shields
  4511 | D:5      | You fall into a shaft and drop 2 floors!
  4700 | D:7      | Noticed Duvessa
  4723 | D:7      | Killed Duvessa
  4733 | D:7      | Noticed Dowan
  4739 | D:7      | Killed Dowan
  4751 | D:6      | Found a staircase to the Ecumenical Temple.
  4867 | D:6      | Reached XP level 9. HP: 81/81 MP: 8/8
  5155 | D:6      | Reached **** piety under Trog
  5419 | D:6      | Noticed Eustachio
  5440 | D:6      | Killed Eustachio
  5492 | D:6      | Reached skill level 5 in Shields
  5806 | Temple   | Entered the Ecumenical Temple
  5877 | D:7      | Noticed Bravepunisher's ghost (novice SpMo)
  5948 | D:7      | Found a transporter.
  5950 | D:7      | Found a transporter.
  5951 | D:7      | Found a one-way gate to the infinite horrors of the Abyss.
  5956 | D:7      | Noticed an ancient zyme
  6375 | D:8      | Noticed Grum
  6391 | D:8      | Killed Grum
  6397 | D:8      | Noticed Erica
  6426 | D:8      | Killed Erica
  6427 | D:8      | Reached XP level 10. HP: 76/88 MP: 9/9
  6663 | D:8      | Found a shadowy altar of Dithmenos.
  6690 | D:8      | Identified the +10 quarterstaff of Subterfuge {drain, rPois
                  | Will- Str+5}
  6879 | D:8      | Found an opulent altar of Gozag.
  7118 | D:9      | Reached skill level 15 in Axes
  7153 | D:9      | Found an iron altar of Okawaru.
  7158 | D:9      | Reached ***** piety under Trog
  7372 | D:9      | Noticed Jeremiah
  7399 | D:9      | Killed Jeremiah
  7629 | D:9      | Noticed Maurice
  7647 | D:9      | Something stole a +4 scimitar of flaming
  7652 | D:9      | Something stole an amulet of reflection
  7653 | D:9      | Something stole 3 silver javelins
  7655 | D:9      | Something stole 548 gold
  7658 | D:9      | Something stole 91 gold
  7665 | D:9      | Killed Maurice
  8079 | D:10     | Entered Level 10 of the Dungeon
  8091 | D:9      | Reached skill level 1 in Evocations
  8217 | D:10     | Reached XP level 11. HP: 95/95 MP: 10/10
  8354 | D:10     | Found a staircase to the Orcish Mines.
  8713 | D:10     | Received a gift from Trog
  8868 | D:10     | Found a shimmering altar of Xom.
  9326 | D:11     | Reached skill level 9 in Fighting
  9361 | D:11     | Found a staircase to the Lair.
  9541 | D:11     | Noticed a soul eater
  9572 | D:11     | Killed a soul eater
  9743 | D:11     | Noticed Erolcha
  9759 | D:11     | Killed Erolcha
  9760 | D:11     | Reached skill level 10 in Shields
 10189 | D:11     | Reached skill level 10 in Fighting
 10256 | D:11     | Noticed a cyan ugly thing
 10269 | D:11     | Killed a cyan ugly thing
 10323 | D:11     | Noticed a two-headed ogre
 10334 | D:11     | Killed a two-headed ogre
 10335 | D:11     | Reached XP level 12. HP: 99/107 MP: 11/11
 10814 | D:12     | Noticed a two-headed ogre
 10819 | D:12     | Killed a two-headed ogre
 10849 | D:12     | Reached skill level 11 in Fighting
 10907 | D:12     | Noticed Kirke
 10935 | D:12     | Killed Kirke
 11191 | D:12     | Noticed a two-headed ogre
 11204 | D:12     | Killed a two-headed ogre
 11497 | D:13     | Noticed a boulder beetle
 11529 | D:13     | Killed a boulder beetle
 11912 | D:13     | Noticed a two-headed ogre
 11917 | D:13     | Killed a two-headed ogre
 11918 | D:13     | Reached skill level 12 in Fighting
 12020 | D:13     | Found a broken altar of Ashenzari.
 12046 | D:13     | Noticed a centaur warrior
 12059 | D:13     | Killed a centaur warrior
 12096 | D:13     | Noticed a seven-headed hydra
 12224 | D:13     | Noticed a boulder beetle
 12244 | D:13     | Killed a boulder beetle
 12397 | D:13     | Killed a seven-headed hydra
 12607 | D:13     | Found a gate to the Vaults.
 12607 | D:13     | Noticed a frost giant
 12623 | D:13     | Killed a frost giant
 12721 | Lair:1   | Entered Level 1 of the Lair of Beasts
 12997 | Lair:1   | Reached XP level 13. HP: 119/119 MP: 12/12
 13029 | Lair:1   | Noticed Amaemon
 13043 | Lair:1   | Reached skill level 13 in Fighting
 13047 | Lair:1   | Killed Amaemon
 13531 | Lair:2   | Received a gift from Trog
 13593 | Lair:2   | Found a staircase to the Snake Pit.
 13640 | Lair:2   | You fall into a shaft and drop 2 floors!
 13685 | Lair:4   | Reached skill level 14 in Fighting
 13832 | Lair:3   | Found the +12 glaive of Prune {freeze, Prune}
 13848 | Lair:3   | Noticed Rupert
 13867 | Lair:3   | HP: 6/142 [Rupert/+1 battleaxe of draining (2)]
 13868 | Lair:3   | Killed Rupert
 14003 | Lair:2   | Reached skill level 15 in Shields
 14305 | Lair:2   | Identified a scroll of acquirement
 14597 | Lair:3   | Reached skill level 15 in Fighting
 15403 | Lair:3   | Received a gift from Trog
 15410 | Lair:3   | Reached skill level 16 in Fighting
 15567 | Lair:3   | Found a staircase to the Shoals.
 15906 | Lair:3   | Reached XP level 14. HP: 95/138 MP: 13/13
 16229 | Lair:4   | Reached skill level 17 in Fighting
 16365 | Lair:4   | Found a staircase to the Slime Pits.
 16366 | Lair:4   | Found a viscous altar of Jiyva.
 17132 | Lair:5   | Entered Level 5 of the Lair of Beasts
 17157 | Lair:4   | Reached skill level 18 in Fighting
 17209 | Lair:5   | Received a gift from Trog
 17296 | Lair:5   | Noticed Josephine
 17451 | Lair:4   | Killed Josephine
 17787 | Lair:5   | Noticed Sonja
 17800 | Lair:5   | Killed Sonja
 17801 | Lair:5   | Reached skill level 19 in Fighting
 18193 | Lair:5   | Found an iron altar of Okawaru.
 18284 | Lair:5   | Reached skill level 20 in Fighting
 18284 | Lair:5   | Received a gift from Trog
 18406 | Lair:5   | Acquired the +2 hood of the Assassin {Detect Stab+ Stlth++}
 18406 | Lair:5   | Found the +2 hood of the Assassin {Detect Stab+ Stlth++}
 18766 | Lair:5   | Reached skill level 1 in Throwing
 19382 | Orc:1    | Entered Level 1 of the Orcish Mines
 19382 | Orc:1    | Found Uluahad's Weapon Boutique.
 19558 | Orc:1    | Reached XP level 15. HP: 155/155 MP: 14/14
 19659 | Orc:2    | Entered Level 2 of the Orcish Mines
 19937 | Orc:2    | Found Soliluwki's Book Emporium.
 20018 | Orc:2    | Found a staircase to the Elven Halls.
 20249 | Orc:2    | Paralysed by an orc sorcerer for 3 turns
 20265 | Orc:2    | Reached skill level 5 in Armour
 20274 | Orc:2    | Reached skill level 5 in Dodging
 20525 | Orc:2    | Found Peapyob's Assorted Antiques.
 20525 | Orc:2    | Found Bapaich's Magic Scroll Shop.
 20527 | Orc:2    | Found Guody's General Store.
 20527 | Orc:2    | Found Reedann's Antique Weapon Emporium.
 20535 | Orc:2    | Bought a scroll of identify for 30 gold pieces
 20535 | Orc:2    | Bought a scroll of identify for 30 gold pieces
 20535 | Orc:2    | Bought a scroll of identify for 30 gold pieces
 20543 | Orc:2    | Bought a scroll of teleportation for 42 gold pieces
 20547 | Orc:2    | Bought a scroll of teleportation for 87 gold pieces
 20547 | Orc:2    | Bought a scroll of butterflies for 116 gold pieces
 20908 | Shoals:1 | Entered Level 1 of the Shoals
 21105 | Shoals:1 | Reached skill level 5 in Evocations
 21466 | Shoals:1 | Reached ****** piety under Trog
 21528 | Shoals:1 | Received a gift from Trog
 21877 | Shoals:2 | Identified the +0 leather armour of Privacy {MP+9}
 21974 | Shoals:2 | Noticed Roxanne
 24023 | Shoals:3 | Identified the +7 tower shield of Inaction {rC+ Slay+2}
 24023 | Shoals:3 | Noticed Louise
 24024 | Shoals:3 | Noticed Polyphemus
 24041 | Shoals:3 | Received a gift from Trog
 24048 | Shoals:3 | Killed Polyphemus
 24057 | Shoals:3 | Killed Louise
 24058 | Shoals:3 | Reached skill level 5 in Throwing
 24058 | Shoals:3 | Reached XP level 16. HP: 117/165 MP: 15/15
 24303 | Shoals:3 | Reached skill level 21 in Fighting
 24658 | Snake:1  | Entered Level 1 of the Snake Pit
 26043 | Snake:1  | Found a runed translucent gate.
 26043 | Snake:1  | Found a runed translucent gate.
 26043 | Snake:1  | Found a runed translucent gate.
 26046 | Snake:1  | Noticed Asceticacid's ghost (adept GnFi)
 26062 | Snake:1  | Noticed Mlioglotl
 26070 | Snake:1  | Noticed a bone dragon
 26075 | Snake:1  | Killed Mlioglotl
 26454 | Snake:2  | Found Onos's Assorted Antiques.
 26460 | Snake:2  | Found Buusafuyb's Weapon Boutique.
 26499 | Snake:2  | Bought a potion of curing for 96 gold pieces
 26499 | Snake:2  | Bought a pair of runed gloves for 240 gold pieces
 26528 | Snake:2  | Found Gyren's Neck Hole.
 26534 | Snake:2  | Noticed Jorgrun
 26562 | Snake:2  | Killed Jorgrun
 26642 | Snake:2  | Bought a scarf of resistance for 448 gold pieces
 26740 | Snake:2  | Found Uluggynni's Distillery.
 26748 | Snake:2  | Reached skill level 1 in Polearms
 26800 | Snake:2  | Bought a potion of haste for 160 gold pieces
 26800 | Snake:2  | Bought a potion of curing for 48 gold pieces
 26858 | Snake:2  | Found Nirikioph's Antique Armour Emporium.
 27040 | Snake:2  | Identified the serpent talisman of Mutualism {+Blink rCorr
                  | MP+9}
 27040 | Snake:2  | Noticed Aizul
 27058 | Snake:2  | Killed Aizul
 27297 | Snake:2  | Found Roaroyte's General Store.
 27299 | Snake:2  | Found Sigacuj's Book Shoppe.
 27301 | Snake:2  | Found Santih's Antique Armour Emporium.
 27396 | Snake:2  | Noticed Vashnia
 27437 | Snake:2  | Killed Vashnia
 27920 | Snake:2  | Received a gift from Trog
 27924 | Snake:2  | Reached skill level 5 in Polearms
 28574 | Snake:3  | Reached XP level 17. HP: 150/173 MP: 16/16
 28604 | Snake:3  | Noticed Bai Suzhen
 28630 | Snake:3  | HP: 3/173 [Bai Suzhen] (28)]
 28633 | Snake:3  | Killed Bai Suzhen
 28633 | Snake:3  | Engulfed by a cloud of thunder

Illustrated notes

Levels and vault maps discovered:
D:1:      dpeg_arrival_simpleton_c, layout_basic
D:2:      layout_loops_corners, uniq_terence
D:3:      layout_basic, mainiacjoe_overflow_alcove_1,
          mainiacjoe_overflow_concentric_impassable,
          ebering_ecumenical_altar_hall
D:4:      layout_basic, overflow_temple_1_default,
          chequers_serial_rivers_small_3, uniq_menkaure,
          uniq_crazy_yiuf_cottage, uniq_robin, uniq_grinder
D:5:      minmay_evil_eye, layout_gridville, chequers_garden
D:6:      layout_loops_ring, minmay_temple_entry_offerings, uniq_eustachio
D:7:      layout_cave_pools, gammafunk_ghost_abyssal_escape, uniq_duvessa
D:8:      layout_loops_ring, nicolae_dithmenos_shadow_blocks,
          mainiacjoe_overflow_tiny_flanked, uniq_erica, uniq_grum
D:9:      layout_basic, okawaru_ov_weapons_minmay, uniq_jeremiah, uniq_maurice
D:10:     layout_cave_pools, tgw_xom, david_orc_5, serial_rivers,
          chequers_serial_rivers_micro_c, chequers_serial_rivers_small_3,
          chequers_serial_rivers_micro_c, chequers_serial_rivers_micro_c,
          chequers_serial_rivers_small_a, chequers_serial_rivers_micro_c
D:11:     layout_basic, hellmonk_lair_entry_icy, serial_demonic,
          serial_demonic_a, serial_demonic_f, serial_demonic_e,
          serial_demonic_f, serial_library_hellmonk_long_bookcase,
          wad_floor_pattern_2, uniq_erolcha
D:12:     layout_loops_corners, uniq_kirke
D:13:     layout_long_grid, hellmonk_vaults_attempted_burglary,
          cheibrodos_ashenzari_chains
Temple:   regret_index_temple_generic_petals
Lair:1:   layout_roguey, uniq_amaemon
Lair:2:   layout_loops_ring, minmay_snake_entry_guardpost_small
Lair:3:   layout_cave_pods, elwin_shoals_entry_rooms, bobbens_dragon_lair_wall,
          uniq_rupert
Lair:4:   layout_cave_pods, minmay_slime_entry_jelly_boxes,
          grunt_forest_stairs_clearing
Lair:5:   grunt_lair_end_beastmaster, layout_small_grid, basic_altar,
          kennysheep_rathole, grunt_megastairs_4, lemuel_fruit_tree,
          uniq_josephine, uniq_sonja
Shoals:1: layout_shoals
Shoals:2: nicolae_shoals_aurelia_aurita, layout_shoals, uniq_roxanne
Shoals:3: layout_shoals, uniq_polyphemus, uniq_louise
Snake:1:  layout_layer_cave, gammafunk_ghost_necromancy, drop_trap,
          nicolae_triple_integral, uniq_mlioglotl
Snake:2:  layout_layer_cave, serial_shops, shop, shop,
          nicolae_shop_temple_entry_statues_fountains, shop_statue,
          nicolae_snake_round_shape_thing, nicolae_shop_sticking_my_neck_out,
          grunt_megastairs_1, minmay_shop_star, uniq_vashnia, uniq_aizul,
          uniq_jorgrun
Snake:3:  layout_onion_interference, uniq_bai_suzhen
Orc:1:    layout_diamond_mine, serial_shops, shop
Orc:2:    grunt_orc_tribal_feast, layout_diamond_mine, serial_shops,
          nicolae_shop_peninsula, nicolae_orc_found_a_spring

Skill      XL: |  1  2  3  4  5  6  7  8  9 10 11 12 13 14 15 16 |
---------------+-------------------------------------------------+-----
Axes           | 4 5 6 7 8 9 12 14 15 16 18 | 18.0
Fighting       | 4 5 6 7 8 10 12 16 20 21 | 21.0
Shields        | 3 7 9 10 13 15 16 19 | 19.9
Armour         | 3 4 7 |  7.5
Evocations     | 1 4 6 |  6.0
Dodging        | 3 4 7 |  7.0
Throwing       | 1 5 |  5.0
Polearms       | 6 |  6.1

Action                     |  1- 3 |  4- 6 |  7- 9 | 10-12 | 13-15 | 16-18 || total
---------------------------+-------+-------+-------+-------+-------+-------++-------
  Melee: Hand axe          |    59 |    85 |   237 |   289 |    20 |       ||   690
         Headbutt          |     9 |    12 |    53 |   132 |   205 |    56 ||   467
         Punch             |     1 |     1 |     4 |       |       |       ||     6
         Broad axe         |       |       |       |   352 |   976 |   299 ||  1627
         Whip              |       |       |       |     7 |       |       ||     7
  Throw: Dart              |       |       |     2 |    12 |    20 |       ||    34
         Javelin           |       |       |       |       |       |     1 ||     1
 Invoke: Berserk           |       |     3 |     1 |     3 |     6 |     1 ||    14
         Trog's Hand       |       |       |       |     2 |     4 |     3 ||     9
         Brothers in Arms  |       |       |       |       |     2 |     1 ||     3
  Evoke: Wand              |       |       |       |     8 |    23 |    14 ||    45
         Condenser vane    |       |       |       |       |     1 |     1 ||     2
    Use: Scroll            |       |       |     5 |    15 |    12 |       ||    32
         Potion            |       |       |       |     1 |     1 |     4 ||     6
   Stab: Confused          |       |       |       |       |     1 |       ||     1
 Armour: Animal skin       |    11 |       |       |       |       |       ||    11
         Leather armour    |    14 |       |       |       |       |       ||    14
         Scale mail        |     8 |     1 |       |       |       |       ||     9
         Chain mail        |       |    50 |    81 |   407 |   790 |   157 ||  1485
         Plate armour      |       |       |    81 |    51 |       |       ||   132
  Dodge: Dodged            |    29 |    29 |    64 |   175 |   292 |    44 ||   633
  Block: Kite shield       |       |       |    49 |   324 |   679 |       ||  1052
         Reflection        |       |       |       |       |    24 |     9 ||    33
         Tower shield      |       |       |       |       |       |   470 ||   470

Table legend: (Time is in decaauts)
 A = Elapsed time spent in this place.
 B = Non-inter-level travel time spent in this place.
 C = Inter-level travel time spent in this place.
 D = Time resting spent in this place.
 E = Time spent auto-exploring this place.
 F = Levels seen in this place.
 G = Mean time per level.
                   A        B        C        D        E       F      G
               +--------+--------+--------+--------+--------+-----+--------+
         Total |  28776 |  27101 |   1675 |   5683 |  15739 |  27 | 1065.8 |
       Dungeon |  12716 |  11975 |    741 |   2193 |   7215 |  13 |  978.2 |
        Temple |      1 |      1 |      0 |      0 |      0 |   1 |    1.0 |
          Lair |   6747 |   6225 |    522 |   1059 |   3952 |   5 | 1349.4 |
        Shoals |   3915 |   3691 |    224 |   1366 |   1467 |   3 | 1305.0 |
     Snake Pit |   4011 |   3966 |     45 |    905 |   2329 |   3 | 1337.0 |
  Orcish Mines |   1383 |   1241 |    142 |    159 |    775 |   2 |  691.5 |
               +--------+--------+--------+--------+--------+-----+--------+

Top non-repeatable levels by time:
 Snake:2: 1981 daAuts
 Snake:1: 1782 daAuts
  Lair:5: 1682 daAuts
  Lair:4: 1641 daAuts
  Lair:3: 1637 daAuts
Shoals:3: 1619 daAuts
    D:11: 1384 daAuts
Shoals:1: 1238 daAuts
    D:13: 1215 daAuts
     D:5: 1199 daAuts
    D:10: 1132 daAuts
Shoals:2: 1056 daAuts
     D:4: 1044 daAuts
     D:9: 1009 daAuts
   Orc:2: 1008 daAuts
